 Dungeon Crawl Stone Soup version 0.30-a0-381-g6ea064c7b4 (webtiles) character file.

Game seed: 7602590210997584721

170 qeuew the Chopper (level 5, -2/47 HPs)
             Began as a Hill Orc Fighter on Dec 1, 2022.
             Was a Plaything of Xom.
             Killed by divine providence
             ... invoked by an orc priest
              (13 damage)
             ... on level 3 of the Dungeon.
             The game lasted 00:02:04 (1742 turns).

qeuew the Chopper (Hill Orc Fighter)                Turns: 1742, Time: 00:02:04

Health: -2/47      AC:  7    Str: 18 (21) XL:     5   Next: 51%
Magic:  5/5        EV: 13    Int:  6 (8)  God:    Xom [..*...]
Gold:   143        SH:  4    Dex:  9 (10) Spells: 4/4 levels left

rFire   . . .      SeeInvis .    a - +0 war axe
rCold   . . .      Faith    .    c - +0 buckler
rNeg    . . .      Spirit   .    b - +0 scale mail
rPois   .          Reflect  .    (no helmet)
rElec   .          Harm     .    (no cloak)
rCorr   .          Rampage  .    (no gloves)
Will    .....                    (no boots)
Stlth   ..........               (no amulet)
HPRegen 0.27/turn                e - +4 ring of evasion
MPRegen 0.09/turn                (no ring)

@: no status effects
A: no striking features
a: Renounce Religion, Convert to Beogh


You were on level 3 of the Dungeon.
You worshipped Xom.
You were a toy of Xom.
You visited 1 branch of the dungeon, and saw 3 of its levels.

You collected 143 gold pieces.

Inventory:

Hand Weapons
 a - a +0 war axe (weapon)
Missiles
 m - a throwing net (quivered)
Armour
 b - a +0 scale mail (worn)
 c - a +0 buckler (worn)
Jewellery
 e - a +4 ring of evasion (left hand)
Wands
 q - a wand of light (9)
Scrolls
 i - 2 scrolls of enchant armour
 j - 2 scrolls of enchant weapon
 l - a scroll of amnesia {unknown}
Potions
 d - 3 potions of might
 f - a potion of haste
 g - a potion of invisibility
 h - a potion of magic
 k - 2 potions of heal wounds


   Skills:
 + Level 4.4 Fighting
 * Level 4.7 Axes
 + Level 4.0 Armour
 + Level 1.3 Dodging
 + Level 4.0 Shields
 + Level 0.1 Evocations


You had 4 spell levels left.
You didn't know any spells.
Your spell library contained the following spells:

 Spells                   Type           Power      Damage    Failure   Level
 Cigotuvi's Dreadful Rot  Necr/Pois/Air  0%         N/A       96%         2
 Poisonous Vapours        Pois/Air       0%         N/A       96%         2
 Mephitic Cloud           Conj/Pois/Air  0%         N/A       99%         3
 Iskenderun's Battlesphe  Conj           0%         2d6       100%        5
 Iron Shot                Conj/Erth      0%         9d1       100%        6
 Spellforged Servitor     Conj/Summ      0%         N/A       100%        7


Dungeon Overview and Level Annotations

Branches:
Dungeon (3/15)

Altars:
Xom


Message History

Beogh smites you!
You are too injured to fight recklessly!
You are too injured to fight recklessly!
You are too injured to fight recklessly!
You are too injured to fight recklessly!
You are too injured to fight recklessly!
You are too injured to fight recklessly!
You are too injured to fight recklessly!
You are too injured to fight recklessly!
You are too injured to fight recklessly!
You are too injured to fight recklessly!
You are too injured to fight recklessly!
You are too injured to fight recklessly!
You are too injured to fight recklessly!
You are too injured to fight recklessly!
You are too injured to fight recklessly!
You are too injured to fight recklessly!
You are too injured to fight recklessly!
You are too injured to fight recklessly!
Unknown command.
You hit the orc priest but do no damage.
The orc priest shouts, "Beogh is our master!
Accept the truth or die!" x2
The orc priest hits you but does no damage.
You slash the orc!
You kill the orc!
You slash the orc priest!
The orc priest shouts, "Beogh is our master!
Accept the truth or die!"
The orc priest is heavily wounded.
The orc priest calls down the wrath of Beogh upon you.
Pain shoots through your body!
* * * LOW HITPOINT WARNING * * *
You barely miss the orc priest.
The orc priest is heavily wounded.
The orc priest closely misses you.
The orc priest hits you but does no damage.
You barely miss the orc priest.
The orc priest is heavily wounded.
The orc priest invokes the aid of Beogh against you.
Beogh smites you!
You die...

## ... #.. #.# #.#
#. #.#
###..###_####.#.#
#....##...@oo...#
##.#....._####.....
#....####.# ###
###....####.####.#
#...............#
#..............##
#...>...####.##.#
#.#...######.# .#
#.#.(......... #


You could see an orc priest and an orc.

Vanquished Creatures
  Natasha (thrice) (D:2)
  An adder (D:2)
  2 dart slugs
  6 orcs (D:3)
  8 endoplasms
  4 giant cockroaches
  5 hobgoblins
  5 jackals (D:2)
  7 kobolds
  2 quokkas
  5 ball pythons
  7 bats
  5 frilled lizards
  10 goblins
  3 rats (D:2)
73 creatures vanquished.

Notes
Turn   | Place    | Note
-------+----------+-------------------------------------------
     0 | D:1      | qeuew the Hill Orc Fighter began the quest for the Orb.
     0 | D:1      | Reached XP level 1. HP: 19/19 MP: 1/1
    82 | D:1      | Reached XP level 2. HP: 26/27 MP: 2/2
   289 | D:1      | Reached XP level 3. HP: 29/33 MP: 3/3
   805 | D:2      | Found a faded altar of an unknown god.
   813 | D:2      | Prayed at the altar of an unknown god.
   813 | D:2      | Became a worshipper of Xom the Capricious
   881 | D:2      | Reached XP level 4. HP: 38/40 MP: 4/4
  1009 | D:2      | Noticed Natasha
  1013 | D:2      | Killed Natasha
  1014 | D:2      | Reached skill level 1 in Dodging
  1067 | D:2      | Noticed Natasha
  1070 | D:2      | Killed Natasha
  1071 | D:2      | Reached XP level 5. HP: 44/46 MP: 5/5
  1234 | D:2      | XOM: smoke on damage
  1259 | D:2      | Noticed Natasha
  1262 | D:2      | XOM: divination: detect items
  1267 | D:2      | Killed Natasha
  1737 | D:3      | XOM: scenery: create altars
  1742 | D:3      | Killed from afar by an orc priest

Illustrated notes

Levels and vault maps discovered:
D:1:      tarquinn_simple_flora_water_c, layout_basic, minivault_27
D:2:      layout_basic, shapermc_ecumenical_altar_venn, minmay_ruptured,
          uniq_natasha
D:3:      layout_loops_ring, uniq_jessica

Skill      XL: |  1  2  3  4  5 |
---------------+----------------+-----
Axes           | 3 4 |  4.7
Fighting       | 4 |  4.4
Dodging        | 1 |  1.3
Armour         | 4 |  4.0
Shields        | 4 |  4.0
Evocations     | |  0.1

Action                   |  1- 3 |  4- 6 || total
-------------------------+-------+-------++-------
Melee: War axe           |   137 |    67 ||   204
  Use: Scroll            |     5 |     3 ||     8
       Potion            |       |     2 ||     2
Armor: Scale mail        |    54 |    28 ||    82
Dodge: Dodged            |    74 |    36 ||   110
Block: Buckler           |    23 |    12 ||    35

Table legend: (Time is in decaauts)
 A = Elapsed time spent in this place.
 B = Non-inter-level travel time spent in this place.
 C = Inter-level travel time spent in this place.
 D = Time resting spent in this place.
 E = Time spent auto-exploring this place.
 F = Levels seen in this place.
 G = Mean time per level.
                   A        B        C        D        E       F      G
               +--------+--------+--------+--------+--------+-----+--------+
         Total |   1812 |   1725 |     87 |      0 |   1300 |   3 |  604.0 |
       Dungeon |   1812 |   1725 |     87 |      0 |   1300 |   3 |  604.0 |
               +--------+--------+--------+--------+--------+-----+--------+

Top non-repeatable levels by time:
     D:2: 993 daAuts
     D:1: 711 daAuts
     D:3: 107 daAuts
